 Dungeon Crawl Stone Soup version 0.24-a0-789-g35933f4585 (webtiles) character file.

Game seed: 539753508047396857, levelgen mode: deterministic

25 Conn the Firebug (level 3, 0/21 HPs)
             Began as an Octopode Fire Elementalist on Oct 10, 2019.
             Slain by a goblin (3 damage)
             ... led by Robin
             ... on level 2 of the Dungeon.
             The game lasted 00:01:38 (635 turns).

Conn the Firebug (Octopode Fire Elementalist)        Turns: 635, Time: 00:01:38

Health: 0/21       AC:  1    Str:  7    XL:     3   Next: 6%
Magic:  6/6        EV: 13    Int: 18    God:
Gold:   55         SH:  0    Dex: 12    Spells: 5/6 levels left

rFire    . . .     SeeInvis .   i - +0 dagger
rCold    . . .     Gourm    .   (no shield)
rNeg     . . .     Faith    .   (helmet restricted)
rPois    .         Spirit   .   a - amulet of regeneration
rElec    .         Reflect  .   (no ring)
rCorr    .         Harm     .   (no ring)
MR       .....                  (no ring)
Stlth    +++.......             (no ring)
HPRegen  0.47/turn              (no ring)
MPRegen  0.10/turn              (no ring)
                                (no ring)
                                (no ring)

@: no status effects
A: almost no armour, stealthy swim, amphibious, 8 rings, constrict 8, camouflage
1, gelatinous body 1
a: no special abilities


You were on level 2 of the Dungeon.
You were not hungry.

You visited 1 branch of the dungeon, and saw 2 of its levels.

You collected 55 gold pieces.

Inventory:

Hand Weapons
 i - a +0 dagger (weapon)
Jewellery
 a - an amulet of regeneration (around mantle)
 j - an uncursed amulet of the gourmand {unknown}
Scrolls
 c - 2 scrolls of fog {unknown}
 d - a scroll of blinking {unknown}
 e - a scroll of enchant armour {unknown}
 f - 4 scrolls of identify {unknown}
 k - a scroll of amnesia {unknown}
Comestibles
 b - 2 rations
 g - a chunk of flesh


   Skills:
 + Level 0.2 Short Blades
 + Level 2.1 Dodging
 + Level 3.1 Stealth
 + Level 2.2 Spellcasting
 + Level 1.2 Conjurations
 + Level 3.4 Fire Magic


You had 5 spell levels left.
You knew the following spells:

 Your Spells              Type           Power        Failure   Level  Hunger
a - Flame Tongue          Conj/Fire      ##...        7%          1    #......

Your spell library contained the following spells:

 Spells                   Type           Power        Failure   Level  Hunger
 Throw Flame              Conj/Fire      ##....       10%         2    ##.....
 Conjure Flame            Conj/Fire      ##......     21%         3    ###....
 Inner Flame              Hex/Fire       #.......     26%         3    ###....
 Sticky Flame             Conj/Fire      ##......     54%         4    #####..
 Fireball                 Conj/Fire      ##........   88%         5    ######.


Dungeon Overview and Level Annotations

Branches:
Dungeon (2/15)

Altars:

Annotations:
D:2 Robin


Innate Abilities, Weirdness & Mutations

You cannot wear most types of armour.
You are very stealthy in the water. (Stealth+)
You are amphibious.
You can wear up to eight rings at the same time.
You can use your tentacles to constrict eight enemies at once.
Your skin changes colour to match your surroundings (Stealth+).
Your rubbery body absorbs attacks. (AC +1, EV +1)


Message History

The goblin goes into a battle-frenzy!
The goblin hits you.
A goblin comes into view.
Robin flexes a bicep menacingly.
Robin roars a battlecry!
The goblin goes into a battle-frenzy!
Robin throws the goblin at you! The goblin barely misses you.
You hit the goblin. You grab the goblin.
The goblin is heavily wounded.
You constrict the goblin.
Robin says, "Bow before me, strongest of all the hobgoblins!"
Robin throws the goblin at you! The goblin hits you.
* * * LOW HITPOINT WARNING * * *
The goblin misses you.
A goblin comes into view. It is wielding a +2 dagger of freezing.
The goblin hits you.
* * * LOW HITPOINT WARNING * * *
You aren't carrying any potions.
You release your grip on the goblin.
The goblin hits you.
You die...

#.#.# #...>
##.#.# # ##..#.#
.#.###.#.#.#
#......<...#
####.######.รท.#
......#(..gg..#
#......g@..#
##.##g###.###
.#..)....#
#g##.g...#
##..##.##..#.##
#......(.(.#.#
....##.###.#.# #
#. #.#.# ..
#g#.#


You could see Robin and 3 goblins.

Vanquished Creatures
  A dart slug (D:1)
  A leopard gecko (D:1)
  3 bats
  6 goblins
  3 hobgoblins (D:1)
  A frilled lizard (D:1)
  3 kobolds (D:1)
  2 rats (D:1)
20 creatures vanquished.

Notes
Turn   | Place    | Note
-------+----------+-------------------------------------------
     0 | D:1      | Conn the Octopode Fire Elementalist began the quest for the
                  | Orb.
     0 | D:1      | Reached XP level 1. HP: 11/11 MP: 3/3
   206 | D:1      | Reached XP level 2. HP: 17/17 MP: 1/5
   616 | D:2      | Noticed Robin
   622 | D:2      | Reached XP level 3. HP: 12/21 MP: 6/6
   635 | D:2      | Slain by a goblin

Levels and vault maps discovered:
D:1:      minmay_arrival_semitransparent, layout_loops_ring
D:2:      layout_loops_ring, grunt_dithmenos_smoke, first_ration, uniq_robin,
          uniq_natasha

Skill      XL: |  1  2 |
---------------+-------+-----
Stealth        | 3 |  3.1
Short Blades   | |  0.2
Dodging        | |  2.1
Spellcasting   | |  2.2
Conjurations   | |  1.2
Fire Magic     | |  3.4

Action                   || total
-------------------------++-------
Melee: Unarmed           ||     5
       Tentacles         ||     7
       Dagger            ||    28
       Constrict         ||     9
 Cast: Flame Tongue      ||    14
  Use: Potion            ||     1
 Stab: Sleeping          ||     3
Armor: Skin              ||     2
Dodge: Dodged            ||    23

Table legend:
 A = Non-vault XP
 B = Vault XP
 C = Vault XP percentage of total XP
 D = Non-vault monster count
 E = Vault monster count
 F = Vault count percentage of total count
                 A         B        C        D         E       F
            +---------+---------+-------+---------+---------+-------
      Total |      27 |      10 |  27.0 |      15 |       5 |  25.0
            +---------+---------+-------+---------+---------+-------
        D:1 |      24 |       0 |   0.0 |      13 |       0 |   0.0
        D:2 |       3 |      10 |  76.9 |       2 |       5 |  71.4
            +---------+---------+-------+---------+---------+-------
